[Event "Late-Titled-Tuesday-Blitz-March-12-2024"]
[Site "Chess.com"]
[Date "2024.03.12"]
[Round "9"]
[White "Fore_Man"]
[Black "yobdc"]
[Result "0-1"]
[WhiteElo "2329"]
[BlackElo "2573"]
[TimeControl "180+1"]
[EndTime "15:42:52 PDT"]
[Termination "yobdc won by checkmate"]

1. Nf3 Nf6 2. g3 g6 3. Bg2 Bg7 4.
O-O O-O 5. d4 d6 6. c4 Nc6 7. Nc3 e5 8. d5 Nb8 9. e4 a5 10. Ne1 Na6 11. Nd3 Nd7 12. b3 b6 13.
Rb1 Ndc5 14. a3 f5 15. b4 axb4 16. axb4 Nxd3 17. Qxd3 f4 18. Ba3 Bg4 19. c5 f3 20.
Bh1 bxc5 21. bxc5 Nxc5 22. Bxc5 dxc5 23. Qc4 Ra5 24. Nb5 Kh8 25. Qxc5 Bd7 26. Qc4 Bxb5 27.
Rxb5 Rxb5 28. Qxb5 Qd6 29. Qd3 Qf6 30. Rc1 Rf7 31. Rc3 Bf8 32. Qxf3 Qxf3 33. Bxf3 Bb4 34. Rb3 Bc5 35. Kg2 h5 36. h4 Kg7 37. Rc3 Bd4 38.
Rc2 Kh6 39. Bd1 g5 40. hxg5+ Kxg5 41. Rd2 h4 42. f4+ Kh6 43. fxe5 Bxe5 44. gxh4 Rf4 45. Bf3 Rxh4 46. Rc2 Rh2+ 47. Kf1 Rxc2 48. Be2 Rc3 49.
Kf2 Kg5 50. Bf3 Kf4 51. Bg2 Rc2+ 52. Kg1 Kg3 53. Bf1 Rc1 54. Kh1 Rxf1# 0-1

[Event "Late-Titled-Tuesday-Blitz-March-12-2024"]
[Site "Chess.com"]
[Date "2024.03.12"]
[Round "9"]
[White "Alexei_Gubajdullin"]
[Black "Boundless_Strike"]
[Result "1/2-1/2"]
[WhiteElo "2652"]
[BlackElo "2616"]
[TimeControl "180+1"]
[EndTime "15:42:53 PDT"]
[Termination "Game drawn by repetition"]

1. d4 e5 2. dxe5 d6 3. exd6 Bxd6 4. Nf3 Nc6 5. g3 Bg4 6. Bg2 Qe7 7.
h3 Bh5 8. c3 O-O-O 9. Qa4 Nf6 10. O-O Qxe2 11. Nd4 Nxd4 12. cxd4 Bf3 13. Nc3 Qd3 14.
Qxa7 Bxg2 15. Kxg2 c6 16. Bg5 Bb8 17. Qa8 Qxd4 18.
Bf4 Qa7 19. Na4 Nd5 20. Qxb8+ Qxb8 21. Bxb8 Kxb8 22. Rfe1 Rhe8 23. Nc5 Kc7 24. a3 b6 25. Ne4 h6 26. Rac1 f5 27. Nc3 Nxc3 28. Rxe8 Rxe8 29. Rxc3 Re2 30. Rb3 c5 31. Kf3 Rc2 32. h4 Kc6 33.
Ke3 b5 34. f3 c4 35. Rb4 Kc5 36. Kf4 Rf2 37. h5 Rf1 38. Ke3 Rh1 39. g4 fxg4 40. fxg4 Rf1 41. Ke4 Rf8 42. Ke5 Rf3 43. Ke4 Rf2 44.
Ke5 Rf6 45. Ke4 Rf1 46. Ke5 Rf2 47. Ke4 Rf1 48. Ke5 Rf2 49. Ke4 Rf1 1/2-1/2

[Event "Late-Titled-Tuesday-Blitz-March-12-2024"]
[Site "Chess.com"]
[Date "2024.03.12"]
[Round "9"]
[White "reevecanada"]
[Black "VD_coach"]
[Result "1-0"]
[WhiteElo "2648"]
[BlackElo "2500"]
[TimeControl "180+1"]
[EndTime "15:42:54 PDT"]
[Termination "reevecanada won on time"]

1. e4 c5 2. Nf3 d6 3. Bb5+ Nd7 4. d4 cxd4 5. Nxd4 e5 6. Nf5 a6 7.
Be2 Nc5 8. Ng3 Nf6 9. Nc3 Be7 10. Be3 b5 11. a3 Bb7 12. Bxc5 dxc5 13. Nf5 g6 14. Nxe7 Qxd1+ 15. Rxd1 Kxe7 16. Bf3 Rad8 17. Ke2 Rd4 18. Ke3 Rhd8 19. Rd3 b4 20. axb4 cxb4 21. Ne2 Rxd3+ 22. cxd3 Rc8 23. Rc1 Rxc1 24. Nxc1 Nd7 25. d4 exd4+ 26. Kxd4 a5 27. Bd1 Kd6 28. Nd3 f6 29. f4 Nb6 30. Bc2 h6 31. g4 g5 32.
e5+ fxe5+ 33. fxe5+ Kc7 34. Nc5 Bf3 35. Bf5 a4 36. Ne6+ Kc6 37. Nc5 a3 38. e6 Nc8 39.
Nb3 Ne7 40. Ke5 axb2 41. Nd4+ Kc5 42. Bd3 b1=Q 43. Bxb1 Bxg4 44. Bd3 b3 45. Nxb3+ Kb4 46. Nd4 Kc3 47. Bf5 Bxf5 48. Nxf5 Nc6+ 49. Kd6 1-0

[Event "Late-Titled-Tuesday-Blitz-March-12-2024"]
[Site "Chess.com"]
[Date "2024.03.12"]
[Round "9"]
[White "CrushingKings"]
[Black "sorch29"]
[Result "0-1"]
[WhiteElo "2588"]
[BlackElo "2475"]
[TimeControl "180+1"]
[EndTime "15:42:54 PDT"]
[Termination "sorch29 won on time"]

1. Nf3 Nf6 2. g3 g6 3. b3 Bg7 4. Bb2 d6 5. d4 O-O 6. Bg2 e5 7.
dxe5 Ng4 8. c4 Nxe5 9. Nc3 Nxf3+ 10. Bxf3 Nc6 11. O-O Be6 12. Qd2 a6 13. Rfe1 Rb8 14.
Rad1 Ne5 15. Bg2 b5 16. cxb5 axb5 17. f4 Nd7 18. e4 b4 19. Ne2 Bxb2 20. Qxb2 Qf6 21. e5 dxe5 22. fxe5 Qxe5 23. Nd4 Qc5 24. Kh1 Bd5 25. Nf3 Nb6 26. Qf6 Rfe8 27. Re5 Qc6 28.
Qf4 Rxe5 29. Nxe5 Bxg2+ 30. Kg1 Qe6 31. Kxg2 Re8 32. Re1 Nd5 33. Qd4 c6 34. Nf3 Qc8 35. Re5 Qa8 36. Kh3 Qc8+ 37. Kg2 Qa8 38. Kh3 Qc8+ 39. g4 Qb8 40. Kg2 f6 41. Re4 Rd8 42. Qc5 Qd6 43. Qxd6 Rxd6 44. Nd4 Nc3 45. Re6 Rxe6 0-1

[Event "Late-Titled-Tuesday-Blitz-March-12-2024"]
[Site "Chess.com"]
[Date "2024.03.12"]
[Round "9"]
[White "mestrefeitosa19"]
[Black "lluiss"]
[Result "1-0"]
[WhiteElo "2311"]
[BlackElo "2231"]
[TimeControl "180+1"]
[EndTime "15:42:54 PDT"]
[Termination "mestrefeitosa19 won on time"]

1. c4 Nf6 2. Nc3 g6 3. e4 d6 4.
d4 Bg7 5. Nf3 O-O 6. Be2 e5 7.
O-O Nc6 8. d5 Ne7 9. h3 c5 10.
a3 a6 11. b4 Nd7 12. Be3 Qc7 13. Rc1 Rb8 14. Na4 b6 15. Rb1 Nf6 16. Nd2 Bd7 17.
Nc3 h6 18. Nb3 Nh7 19. Qd2 g5 20. h4 Bf6 21. Bh5 Ng6 22. Bxg6 fxg6 23. Ne2 gxh4 24. Bxh6 Rf7 25. Be3 h3 26. Ng3 hxg2 27. Kxg2 Nf8 28. Rh1 Rh7 29. Rxh7 Nxh7 30. Rh1 Rf8 31. f4 exf4 32.
Bxf4 Rf7 33. bxc5 bxc5 34. Qe3 Qb7 35. Bxd6 Ba4 36. Nd2 Qb2 37. e5 Bg5 38. Rb1 Qxd2+ 39. Qxd2 Bxd2 40. Rb8+ Kg7 41. e6 1-0

[Event "Late-Titled-Tuesday-Blitz-March-12-2024"]
[Site "Chess.com"]
[Date "2024.03.12"]
[Round "9"]
[White "Qingdom"]
[Black "Walter_White_Poland"]
[Result "1/2-1/2"]
[WhiteElo "2262"]
[BlackElo "2357"]
[TimeControl "180+1"]
[EndTime "15:42:56 PDT"]
[Termination "Game drawn by repetition"]

1. d4 d5 2. c4 e6 3. Nf3 Nf6 4. Bg5 Be7 5. e3 O-O 6. Nc3 c5 7. cxd5 Nxd5 8. Bxe7 Qxe7 9. Nxd5 exd5 10. dxc5 Qxc5 11. Be2 Qb4+ 12. Qd2 Qxd2+ 13. Kxd2 Nc6 14. Rhd1 Bf5 15. Rac1 Be4 16. Ke1 Rfd8 17. g3 f6 18. Nd4 Rac8 19. Nxc6 bxc6 20. b4 Kf7 21. Rc5 Ke7 22. f3 Bg6 23. h4 Be8 24. a3 Rb8 25. Ra5 Rb7 26. Rd4 Kd6 27. Kd2 Bd7 28. Kc3 h5 29. f4 Rh8 30. e4 Re8 31. Bf3 Bg4 32. Bxg4 hxg4 33. exd5 Re3+ 34. Kc4 cxd5+ 35. Raxd5+ Ke6 36. f5+ Ke7 37. Rxg4 Kf7 38. a4 Rc7+ 39. Rc5 Rd7 40.
Kb5 Kg8 41. a5 Kh7 42. Kc6 Red3 43. Kb5 R7d6 44. Rc7 a6+ 45. Ka4 Re3 46. Rcxg7+ Kh8 47. R7g6 Kh7 48. Rg7+ Kh8 49. Rg8+ Kh7 50. R4g7+ Kh6 51. Rg6+ Kh7 52. h5 Rdd3 53. R8g7+ Kh8 54. Rg8+ Kh7 55. R6g7+ Kh6 56. Rg6+ Kh7 1/2-1/2

[Event "Late-Titled-Tuesday-Blitz-March-12-2024"]
[Site "Chess.com"]
[Date "2024.03.12"]
[Round "9"]
[White "APOKALIPSA13"]
[Black "BebeBonito2022"]
[Result "0-1"]
[WhiteElo "2200"]
[BlackElo "2308"]
[TimeControl "180+1"]
[EndTime "15:42:56 PDT"]
[Termination "BebeBonito2022 won by resignation"]

1. d4 Nf6 2. c4 e6 3. Nc3 Bb4 4.
g3 d5 5. Bg2 O-O 6. Bg5 c6 7.
e4 dxe4 8. Bxe4 h6 9. Bc2 Nbd7 10.
h4 Qa5 11. Ne2 e5 12. a3 Bxc3+ 13. bxc3 exd4 14. Bd2 d3 15. Bxd3 Ne5 16. Bb1 Nf3+ 17. Kf1 Rd8 18. Nd4 Nxd2+ 19. Qxd2 c5 20. Nb3 Rxd2 21.
Nxa5 b6 22. Nb3 Rd1+ 23. Ke2 Rxh1 24. Bh7+ Kxh7 25. Rxh1 Bb7 26. Rd1 Re8+ 27. Kf1 Ba6 28. Nd2 Rd8 29. Ke2 Re8+ 30. Kd3 Ng4 31. Rf1 Rd8+ 32. Kc2 Ne5 33. Re1 Nxc4 34. Nxc4 Bxc4 35. Re7 a6 36. Rb7 Rd6 37. a4 Rf6 38. f4 Re6 39.
Kd2 Re2+ 40. Kd1 b5 41. axb5 axb5 42. Rxf7 Bxf7 43. Kxe2 h5 44. Kd3 Kg6 45. Ke4 Kf6 46. f5 b4 47. cxb4 cxb4 48. Kd4 Kxf5 49. Kc5 b3 0-1

[Event "Late-Titled-Tuesday-Blitz-March-12-2024"]
[Site "Chess.com"]
[Date "2024.03.12"]
[Round "9"]
[White "EsmeraldasAnderson03"]
[Black "Witik"]
[Result "0-1"]
[WhiteElo "2581"]
[BlackElo "2745"]
[TimeControl "180+1"]
[EndTime "15:42:58 PDT"]
[Termination "Witik won on time"]

1. d4 Nf6 2. c4 e6 3. Nc3 Bb4 4.
f3 c5 5. d5 b5 6. e4 d6 7. Bd3 Nbd7 8. Ne2 Ne5 9. O-O bxc4 10. Bc2 O-O 11. f4 Nd3 12. Bxd3 cxd3 13. Qxd3 exd5 14.
Nxd5 Nxd5 15. Qxd5 Ba6 16. Rf2 Be1 17. Ng3 Bxf2+ 18.
Kxf2 Qb6 19. Nf5 Bb7 20. Qc4 Rae8 21. Qc3 f6 22. Qg3 Qc7 23. Bd2 Bxe4 24. Ne3 d5 25.
Rc1 d4 26. Ng4 Kh8 27. h4 Qf7 28. Rxc5 Qxa2 29. Bc1 Rc8 30. Rxc8 Rxc8 31. f5 Rc2+ 32. Kg1 Rxc1+ 33. Kh2 Rc8 34. Qf4 Qd5 35. h5 Qxf5 36. Qg3 Qxh5+ 37. Kg1 Qg5 38. Qh3 Re8 39. Nf2 Bf5 40. Qa3 h6 41. Nh3 Qc1+ 42. Kh2 Qe3 43.
Qxa7 Qe5+ 44. Kh1 d3 45. Nf2 d2 0-1

[Event "Late-Titled-Tuesday-Blitz-March-12-2024"]
[Site "Chess.com"]
[Date "2024.03.12"]
[Round "9"]
[White "Marcan2b"]
[Black "HansOnTwitch"]
[Result "1/2-1/2"]
[WhiteElo "2942"]
[BlackElo "3099"]
[TimeControl "180+1"]
[EndTime "15:43:05 PDT"]
[Termination "Game drawn by repetition"]

1. e4 c5 2. Nf3 d6 3. Nc3 a6 4. g3 b5 5. Bg2 Bb7 6. d4 cxd4 7.
Nxd4 Nf6 8. O-O e6 9. Re1 Qc7 10. a4 bxa4 11. Nd5 Nxd5 12. exd5 e5 13. Rxa4 Be7 14.
Nf5 g6 15. Nxe7 Qxe7 16. Bh6 Nd7 17. Rb4 Nc5 18. c4 g5 19. Rb6 Qc7 20. Rxb7 Qxb7 21. Bxg5 Qxb2 22. Bh3 e4 23. Be3 Rg8 24. Bxc5 dxc5 25.
Rxe4+ Kf8 26. d6 Rd8 27. d7 Qf6 28. Qd5 Rg5 29. Qb7 Re5 30. Rf4 Re1+ 31. Kg2 Qa1 32. Bg4 Rg1+ 33. Kh3 Qg7 34. Bh5 f6 35. Qc6 Qxd7+ 36.
Qxd7 Rxd7 37. Rxf6+ Kg7 38. Rxa6 Rc1 39. Bg4 Re7 40.
Be6 Rc2 41. f4 Rb7 42. f5 Rbb2 43. Kg4 Rxh2 44. Bd5 Rbf2 45. Bf3 Rf1 46. f6+ Kh6 47. Bd5 Rhf2 48. f7+ Kg7 49. Rc6 Rf6 50. Rxc5 Rg6+ 51. Kh3 Rf2 52. Rc8 Rh6+ 53. Kg4 Rg6+ 54. Kh3 Rh6+ 55.
Kg4 Rg6+ 56. Kh3 1/2-1/2

[Event "Late-Titled-Tuesday-Blitz-March-12-2024"]
[Site "Chess.com"]
[Date "2024.03.12"]
[Round "9"]
[White "manitodeplomo"]
[Black "Kopytkin"]
[Result "1-0"]
[WhiteElo "2671"]
[BlackElo "2426"]
[TimeControl "180+1"]
[EndTime "15:43:06 PDT"]
[Termination "manitodeplomo won on time"]

1. d4 c5 2. d5 e5 3. dxe6 fxe6 4. e4 Nc6 5. Nc3 Nf6 6. f4 d5 7. e5 d4 8. Nce2 Nd5 9. Nf3 Be7 10. c4 Nc7 11.
Ng3 b5 12. cxb5 Nb4 13. a3 Nbd5 14. Bd2 a6 15. bxa6 Bxa6 16. Bxa6 Rxa6 17. Qc2 O-O 18. Ne2 Rc6 19. O-O Qa8 20. a4 Na6 21. a5 Ndb4 22.
Qc4 Qd8 23. Rfc1 Qd5 24. b3 Qe4 25. Ng3 Qd3 26. Bxb4 Nxb4 27. a6 Qxc4 28. Rxc4 Rxa6 29. Rxa6 Nxa6 30. Ra4 Ra8 31. Ne4 Nc7 32. Rxa8+ Nxa8 33. Kf1 Nc7 34. Ke2 Nd5 35. Kd3 Nxf4+ 36. Kc4 Nxg2 37. Nxc5 Ne3+ 38. Kxd4 Nf5+ 39. Kc4 Ne3+ 40. Kb5 g5 41. Nxe6 g4 42. Nfd4 h5 43. Kc6 h4 44. Nf4 g3 45.
hxg3 hxg3 46. Nde2 Bg5 47. Nd5 g2 48. e6 Nf5 49. Kd7 1-0

[Event "Late-Titled-Tuesday-Blitz-March-12-2024"]
[Site "Chess.com"]
[Date "2024.03.12"]
[Round "9"]
[White "KuzubovYuriy"]
[Black "Grischuk"]
[Result "0-1"]
[WhiteElo "2910"]
[BlackElo "3071"]
[TimeControl "180+1"]
[EndTime "15:43:07 PDT"]
[Termination "Grischuk won by resignation"]

1. d4 e6 2. c4 b6 3. Nf3 Bb7 4. g3 Bb4+ 5. Nc3 Bxc3+ 6. bxc3 f5 7. Bg2 Nf6 8. O-O O-O 9. Bg5 Be4 10. Re1 Nc6 11. Bf1 Na5 12. Nd2 Bb7 13. e3 Qe8 14. Bxf6 Rxf6 15. Nb3 Nc6 16. Bg2 Nd8 17. d5 d6 18. a4 e5 19. a5 Rf8 20. axb6 axb6 21. Rxa8 Bxa8 22. Qa1 Nf7 23. Qa7 Qc8 24. f4 Re8 25. Kf2 g6 26. Nd2 Bb7 27. Ra1 Kg7 28. Nf3 h6 29. Ne1 g5 30. Nd3 Kf6 31. h4 gxf4 32.
gxf4 Kg7 33. Bh3 Kh8 34. Rg1 Rg8 35. Rxg8+ Kxg8 36. e4 Qd8 37. Qxb7 Qxh4+ 38. Kg2 exf4 39. Qc8+ Kg7 40. Nf2 Qg3+ 41. Kf1 fxe4 42. Qg4+ Qxg4 43. Bxg4 Ne5 44. Bh5 e3 45. Nh3 f3 46. Nf4 Kf6 47. Ke1 Kf5 48. Ne6 Nd3+ 49. Kd1 e2+ 50. Kc2 e1=Q 51.
Nd4+ Kf6 0-1

[Event "Late-Titled-Tuesday-Blitz-March-12-2024"]
[Site "Chess.com"]
[Date "2024.03.12"]
[Round "9"]
[White "imdvb6307"]
[Black "Goryachkina"]
[Result "1/2-1/2"]
[WhiteElo "2512"]
[BlackElo "2650"]
[TimeControl "180+1"]
[EndTime "15:43:07 PDT"]
[Termination "Game drawn by repetition"]

1. d4 Nf6 2. Nf3 e6 3. Bg5 h6 4. Bh4 c5 5. c3 Nc6 6. e3 d5 7. Nbd2 cxd4 8. exd4 Bd6 9. Bd3 Qc7 10. Qe2 Nh5 11. Bg3 Nf4 12. Bxf4 Bxf4 13. O-O O-O 14. Rae1 Bd6 15. Ne5 f6 16. Ng6 Re8 17. Qh5 Bd7 18. Re3 Ne7 19. f4 Nxg6 20. Qxg6 Bxf4 21. Ref3 Bxh2+ 22. Kh1 f5 23. g3 Re7 24. Qh5 Bxg3 25. Rg1 Bf4 26. Qh4 Bg5 27. Rxg5 hxg5 28. Qxg5 Rf7 29.
Rh3 Rf6 30. Nf3 Be8 31. Ne5 Qd8 32. Qg3 Rc8 33. Rh2 Rc7 34. Kg1 Qe7 35. Kf1 b5 36. a3 a5 37. Rg2 b4 38. axb4 axb4 39.
c4 Ra7 40. Ke2 Ra2 41. Kd1 Ra1+ 42. Kc2 Ba4+ 43. Kd2 Ra2 44. Kc1 Ra1+ 45. Kd2 Ra2 46. Kc1 Ra1+ 47. Kd2 1/2-1/2

[Event "Late-Titled-Tuesday-Blitz-March-12-2024"]
[Site "Chess.com"]
[Date "2024.03.12"]
[Round "9"]
[White "Rodalquilar"]
[Black "GlavkonVVS"]
[Result "1-0"]
[WhiteElo "2796"]
[BlackElo "2606"]
[TimeControl "180+1"]
[EndTime "15:43:10 PDT"]
[Termination "Rodalquilar won by checkmate"]

1. d4 Nf6 2. Nf3 c5 3. c3 e6 4. Bf4 b6 5. e3 Bb7 6. Nbd2 Be7 7.
h3 O-O 8. Bd3 d5 9. O-O Nc6 10.
Qe2 Bd6 11. Bxd6 Qxd6 12. e4 dxe4 13. Nxe4 Nxe4 14. Qxe4 f5 15. Qh4 cxd4 16. Rfe1 Rae8 17. Bc4 Na5 18. Ng5 h6 19. Bxe6+ Rxe6 20. Nxe6 Rf6 21.
Nxd4 Rg6 22. f3 Nc4 23. b3 Nd2 24. Rad1 Qxd4+ 25. Qxd4 Nxf3+ 26. Kf2 Nxd4 27. Rxd4 Rxg2+ 28. Kf1 Rxa2 29. Re7 Bg2+ 30. Ke1 Be4 31. Rdd7 Rg2 32.
Rxa7 f4 33. Rxe4 f3 34. Rf4 Re2+ 35. Kf1 Re3 36. Rc7 b5 37. Kf2 Rd3 38. Rxf3 Rd6 39. Rff7 Rg6 40. Ke3 Kh7 41. h4 h5 42. Kd4 Rg4+ 43.
Kc5 b4 44. cxb4 Kh6 45. b5 Rxh4 46. b6 Rh1 47. b7 Rc1+ 48. Kd6 Rd1+ 49. Ke7 Re1+ 50.
Kd8 Rd1+ 51. Kc8 h4 52. b8=Q h3 53. Qb6+ g6 54. Rh7+ Kg5 55. Qe3+ Kf5 56. Rc5+ Kg4 57. Rg5# 1-0

[Event "Late-Titled-Tuesday-Blitz-March-12-2024"]
[Site "Chess.com"]
[Date "2024.03.12"]
[Round "9"]
[White "LikeWater"]
[Black "Schattman"]
[Result "1/2-1/2"]
[WhiteElo "2686"]
[BlackElo "2486"]
[TimeControl "180+1"]
[EndTime "15:43:12 PDT"]
[Termination "Game drawn by repetition"]

1. e4 c5 2. Nf3 e6 3. g3 d5 4.
exd5 exd5 5. Bg2 Nf6 6. O-O d4 7. b4 d3 8. Re1+ Be7 9. bxc5 O-O 10. Ba3 Bf5 11. cxd3 Nc6 12. d4 Nxd4 13. Nxd4 Qxd4 14. Nc3 Bxc5 15. Bxc5 Qxc5 16. Qb3 Rab8 17. d4 Qxd4 18.
Rad1 Qb6 19. Qxb6 axb6 20. Re5 Be6 21. Rb5 Rfc8 22. Ne4 Nxe4 23. Bxe4 Bxa2 24. Rxb6 Be6 25. Rxb7 Rxb7 26. Bxb7 Rb8 27. Kg2 g6 28. Bf3 h5 29. h4 Kg7 30. Rd2 Kf6 31. Re2 Rb5 32. Re3 Bd5 33. Bxd5 Rxd5 34. Rf3+ Kg7 35. Ra3 Rd7 36.
Kf3 Rc7 37. Rd3 Rb7 38. Rd4 Rb3+ 39. Kf4 Rb2 40. f3 Rb5 41. Ra4 Rf5+ 42. Ke4 Rb5 43. Ke3 Rb3+ 44. Kf4 Rb5 45. Rc4 Rf5+ 46. Ke4 Ra5 47.
g4 hxg4 48. fxg4 Ra1 49. g5 Rf1 50. Ke5 Rf5+ 51. Kd6 Rf1 52. Re4 Rf5 53. Ke7 Ra5 54. Ke8 Ra8+ 55. Kd7 Ra7+ 56. Kc6 Ra1 57. Kd5 Rd1+ 58.
Ke5 Ra1 59. Kf4 Ra5 60. Kg4 Rf5 61. Rf4 Rxf4+ 62. Kxf4 f6 63. Ke4 f5+ 64. Ke5 Kf7 65. Kd5 Ke7 66. Ke5 Kf7 67. Kd5 Ke7 68. Ke5 Kf7 1/2-1/2

[Event "Late-Titled-Tuesday-Blitz-March-12-2024"]
[Site "Chess.com"]
[Date "2024.03.12"]
[Round "9"]
[White "Viktor_Poddubnyi"]
[Black "KetiTsatsalashvili"]
[Result "0-1"]
[WhiteElo "2284"]
[BlackElo "2458"]
[TimeControl "180+1"]
[EndTime "15:43:14 PDT"]
[Termination "KetiTsatsalashvili won on time"]

1. e4 c5 2. Nf3 d6 3. d4 cxd4 4. Nxd4 Nf6 5. Nc3 Nc6 6. Bc4 e6 7. Bb3 a6 8. Be3 Qc7 9. Qe2 Be7 10. O-O-O Na5 11. g4 Nxb3+ 12. axb3 b5 13. g5 Nd7 14. f4 Nc5 15. b4 Na4 16. Nxa4 bxa4 17. f5 e5 18. Nf3 Bb7 19. f6 gxf6 20. gxf6 Bxf6 21. Bg5 Bxg5+ 22. Nxg5 h6 23. Qh5 O-O-O 24. Nxf7 Bxe4 25. Qg4+ Kb8 26. Qxe4 Qxf7 27. Qc6 Qb7 28. Rxd6 Qxb4 29.
Rxd8+ Rxd8 30. Qxa6 Rc8 31. Rd1 Qc5 32. Qd6+ Qxd6 33.
Rxd6 Rf8 34. Rxh6 Rf1+ 35. Kd2 Rf2+ 36. Kd3 Rf3+ 37. Ke2 Rf5 38. Rh4 Kc7 39. Rxa4 Kd6 40. h4 Kd5 41. Ke3 Rf1 42. h5 Re1+ 43. Kf3 Rh1 44.
Kg4 Rg1+ 45. Kf5 Rf1+ 46. Kg6 e4 47. h6 e3 0-1

[Event "Late-Titled-Tuesday-Blitz-March-12-2024"]
[Site "Chess.com"]
[Date "2024.03.12"]
[Round "9"]
[White "Kosak12"]
[Black "mightysmasher"]
[Result "1-0"]
[WhiteElo "2777"]
[BlackElo "2596"]
[TimeControl "180+1"]
[EndTime "15:43:15 PDT"]
[Termination "Kosak12 won on time"]

1. e4 e6 2. d4 d5 3. Nc3 dxe4 4. Nxe4 Nd7 5. Bd3 Ngf6 6. Qe2 Be7 7. Nf3 O-O 8. O-O Nxe4 9. Bxe4 Nf6 10. Bd3 b6 11. c3 Bb7 12. Bf4 c5 13. Rad1 Nd5 14. Bc1 g6 15.
Rfe1 cxd4 16. Nxd4 Qd6 17. Bb1 Nf4 18. Qg4 Nxg2 19.
Nf5 exf5 20. Rxd6 Nxe1 21. Qd1 Nf3+ 22. Kg2 Bxd6 23. Qxd6 Nd2+ 24. Kh3 Nxb1 25. Bh6 f6 26. Bxf8 Rxf8 27. Qe7 Rf7 28. Qe1 Be4 29. f3 Bd3 30. Qe8+ Kg7 31. Qd8 Bf1+ 32. Kg3 g5 33. Kf2 Bc4 34. b3 Be6 35. Qd3 Na3 36. c4 b5 37.
c5 b4 38. c6 a5 39. Qd6 Bc8 40. Qc5 Rf8 41. Qxa5 Kg8 42. Qxb4 Nb1 43. Qe1 Na3 44. c7 Nb5 45. Qe7 Nd4 46. Qd6 Ne6 47. b4 Rf7 48. Qd8+ 1-0

[Event "Late-Titled-Tuesday-Blitz-March-12-2024"]
[Site "Chess.com"]
[Date "2024.03.12"]
[Round "9"]
[White "Bugcrusher"]
[Black "ITheOnlyME"]
[Result "0-1"]
[WhiteElo "2522"]
[BlackElo "2424"]
[TimeControl "180+1"]
[EndTime "15:43:16 PDT"]
[Termination "ITheOnlyME won by resignation"]

1. e4 c5 2. Nc3 a6 3. d4 cxd4 4.
Qxd4 e6 5. b3 Nc6 6. Qd2 Nf6 7.
Bb2 Bb4 8. f3 d5 9. exd5 Nxd5 10. O-O-O Qa5 11. Nge2 Nxc3 12. Bxc3 Qxa2 13. Qg5 Bxc3 14.
Nxc3 Qa3+ 15. Kb1 O-O 16. Bd3 h6 17. Qh4 Nb4 18. Qe7 Nxc2 19. Qxa3 Nxa3+ 20. Kb2 Nb5 21. Nxb5 axb5 22. Bxb5 e5 23. Rhe1 f6 24. f4 Ra5 25.
Bc4+ Kh8 26. b4 Ra4 27. Kb3 Ra8 28. fxe5 fxe5 29. Rxe5 Bg4 30. Rd2 Ra1 31. Kb2 Rh1 32. h3 Bc8 33. Re7 Rg1 34. Rc7 Re1 35. Re2 Rxe2+ 36.
Bxe2 Kh7 37. Bf3 Bxh3 38. Rxb7 Bxg2 39. Bxg2 Rf2+ 40. Kc3 Rxg2 41. b5 h5 42. b6 Rg6 43.
Kc4 h4 44. Kc5 h3 45. Re7 h2 46. Re1 Rg1 47. b7 Rxe1 48. b8=Q h1=Q 49. Qf4 Rc1+ 50. Kb4 Qe1+ 51. Ka3 Qc3+ 52. Ka4 Qc4+ 0-1

[Event "Late-Titled-Tuesday-Blitz-March-12-2024"]
[Site "Chess.com"]
[Date "2024.03.12"]
[Round "9"]
[White "Casablanca"]
[Black "Szparu"]
[Result "1-0"]
[WhiteElo "2590"]
[BlackElo "2788"]
[TimeControl "180+1"]
[EndTime "15:43:17 PDT"]
[Termination "Casablanca won on time"]

1. d4 Nf6 2. Bg5 c5 3. Nc3 cxd4 4. Qxd4 Nc6 5. Qh4 Qa5 6. e4 d6 7. O-O-O Be6 8. a3 Rc8 9. f4 h6 10. f5 Bd7 11. Bd2 Ne5 12. Nf3 Qc5 13. Nxe5 dxe5 14. Bd3 e6 15. fxe6 Bxe6 16. Bb5+ Nd7 17. Qg3 a6 18. Be3 Qc7 19. Bxd7+ Bxd7 20. Rd5 Be6 21. Rd2 Bxa3 22. Nd5 Bxd5 23. exd5 Qc3 24. Qxg7 Qxb2+ 25. Kd1 Qb1+ 26. Ke2 Qxh1 27. Qxh8+ Kd7 28. Qg7 Kc7 29. d6+ Bxd6 30. Qxf7+ Kb8 31. Rxd6 Qxg2+ 32. Qf2 Rxc2+ 33. Rd2 Qg4+ 34. Qf3 Qc4+ 35. Kf2 Qh4+ 36. Qg3 Qf6+ 37. Qf3 Qh4+ 38. Qg3 Qf6+ 39. Ke2 Rc6 40. Qf3 Qe7 41. Qd5 Kc7 42. Qa5+ Kc8 43. Qa2 Qh4 44. Qg8+ Kc7 45. Qf7+ Kb8 46. Qe8+ Rc8 47. Qxe5+ Ka8 48. Qg3 Qc4+ 49. Ke1 Rf8 50. Rf2 Re8 51. Re2 Qc3+ 52. Kf2 Rf8+ 53. Kg1 Qd3 54. Re1 Qc2 55. Bf2 Qc4 56.
Qf3 1-0

[Event "Late-Titled-Tuesday-Blitz-March-12-2024"]
[Site "Chess.com"]
[Date "2024.03.12"]
[Round "9"]
[White "HajiyevKanan"]
[Black "David_ATM"]
[Result "1-0"]
[WhiteElo "2524"]
[BlackElo "2381"]
[TimeControl "180+1"]
[EndTime "15:43:18 PDT"]
[Termination "HajiyevKanan won by checkmate"]

1. d4 d5 2. Nf3 c6 3. c4 Bf5 4. cxd5 cxd5 5. Nc3 Nc6 6. Qb3 e6 7. Qxb7 Rc8 8. e4 Bxe4 9. Bb5 Ne7 10. Ne5 Qc7 11. Qxc7 Rxc7 12. Nxe4 dxe4 13. Bf4 Kd8 14.
Nxf7+ Kd7 15. Bxc7 Kxc7 16. Nxh8 Nxd4 17. Ba4 Nd5 18. O-O Nf4 19. Nf7 Nd3 20. b3 Ba3 21. Rfd1 Nc2 22. Rab1 Bc5 23. Rd2 Ncb4 24. Ng5 e3 25. Re2 exf2+ 26. Kf1 e5 27. Ne4 Bd4 28. a3 Nd5 29. Rd1 N5f4 30. Nxf2 Nxe2 31. Nxd3 Nc3 32. Rc1 Kd6 33. Nb4 Ne4 34. Rd1 Nc3 35. Rd3 a5 36. Nc2 Kc5 37. Nxd4 exd4 38. Ke1 Nd5 39. Rh3 Ne3 40.
Rxh7 Nc2+ 41. Kd2 Nxa3 42. Rxg7 Nb1+ 43. Kd3 Nc3 44. h4 Na2 45. h5 Nb4+ 46. Kd2 Nd5 47. h6 Nc3 48. h7 Kb4 49. Kd3 Ne4 50. Kxe4 d3 51. Kxd3 Ka3 52. h8=Q Ka2 53. Qg8 Kb2 54. b4 Ka3 55. Qb3# 1-0

[Event "Late-Titled-Tuesday-Blitz-March-12-2024"]
[Site "Chess.com"]
[Date "2024.03.12"]
[Round "9"]
[White "shimastream"]
[Black "AlexeiShirov"]
[Result "1-0"]
[WhiteElo "2991"]
[BlackElo "2867"]
[TimeControl "180+1"]
[EndTime "15:43:19 PDT"]
[Termination "shimastream won by resignation"]

1. Nf3 d5 2. g3 Nf6 3. Bg2 Bg4 4. h3 Bh5 5. c4 e6 6. cxd5 exd5 7. Qb3 b6 8. Nc3 Be7 9. g4 Bg6 10. g5 Ne4 11.
Qxd5 c6 12. Qxd8+ Kxd8 13. Ne5 Nxc3 14. dxc3 Kc7 15. Bf4 Kb7 16. O-O-O Rc8 17. h4 Bh5 18. Rd2 f6 19. gxf6 gxf6 20. Nxc6 Nxc6 21. Rd7+ Ka6 22. Bxc6 Rxc6 23. Rxe7 Rc4 24. Bg3 Bg6 25. h5 Re4 26.
Rxe4 Bxe4 27. f3 Bd5 28. b3 Rg8 29. Bf4 Rg2 30. c4 Bf7 31. Kd2 Kb7 32. h6 Kc6 33.
Ke3 Rg8 34. Rd1 Re8+ 35. Kf2 Re6 36. e4 Bg6 37. Rd5 a6 38. a4 Be8 39. Be3 Bg6 40. Bd4 Kc7 41. b4 Rc6 42. c5 b5 43. axb5 axb5 44.
Be3 Ra6 45. Bf4+ Kc8 46. Kg3 Bf7 47. Rd4 Be6 48. Bd6 f5 49. Kf4 fxe4 50. Rxe4 Kd7 51. Kg5 Ra8 52. Kf6 Rg8 53. c6+ Kxd6 54. Rxe6+ Kc7 55.
Re7+ Kxc6 56. Rxh7 Rg3 57. f4 Rb3 58. Rf7 Rxb4 59.
Kg5 Rb1 60. h7 Rh1 61. Rf6+ Kd5 62. Rh6 Rg1+ 63. Kf5 1-0

[Event "Late-Titled-Tuesday-Blitz-March-12-2024"]
[Site "Chess.com"]
[Date "2024.03.12"]
[Round "9"]
[White "only_strong_moves"]
[Black "GothamChess"]
[Result "1-0"]
[WhiteElo "2577"]
[BlackElo "2685"]
[TimeControl "180+1"]
[EndTime "15:43:19 PDT"]
[Termination "only_strong_moves won on time"]

1. Nc3 b6 2. Nf3 Bb7 3. g3 e6 4. Bg2 Nf6 5. O-O d5 6. d4 Be7 7. Bf4 O-O 8. Re1 c5 9. Nb5 Nc6 10. c3 a6 11. Na3 cxd4 12. Nxd4 Bxa3 13. Nxc6 Bxc6 14. bxa3 b5 15. Qd4 Qe7 16. Qb4 Rfe8 17. Bd6 Qd8 18. Be5 Qe7 19. Bd6 Qd8 20. Be5 Nd7 21.
Bf4 e5 22. Be3 a5 23. Qb2 Qc7 24. Red1 Qb7 25. a4 b4 26. a3 b3 27. Rab1 Rab8 28.
Rd2 Red8 29. Rbd1 Nf8 30. f4 f6 31. f5 Qc8 32. g4 Qa6 33. Bf2 Qc4 34. h3 Qxa4 35. e4 Qc4 36. exd5 Ba8 37. Bf1 Qf4 38. c4 a4 39. Bg2 Qxc4 40. d6 Bxg2 41. Kxg2 Qc6+ 42.
Kg1 Rd7 43. Rc1 Qb7 44. Rc4 Qb5 45. Rb4 h6 46. Rxb5 Rxb5 47. Rd3 Rbb7 48. Be1 Nh7 49. Bb4 Ng5 50. Rc3 e4 51. Rc8+ Kh7 52. Qc3 Nf3+ 53.
Kf2 Ne5 54. Ke3 b2 55. Qxb2 Rb8 56. Qc3 Rbb7 57. Rc7 Rbxc7 58. dxc7 1-0